 Dungeon Crawl Stone Soup version 0.30-a0-737-gf23d94013f (webtiles) character file.

Game seed: 15422261935706884879

2297 Jackthecabe the Covert (level 9, 0/49 HPs)
             Began as a Vine Stalker Brigand on Feb 1, 2023.
             Was a High Priest of Uskayaw.
             Slain by a killer bee (1 damage)
             ... on level 7 of the Dungeon on Feb 2, 2023.
             The game lasted 00:17:32 (5732 turns).

Jackthecabe the Covert (Vine Stalker Brigand)       Turns: 5732, Time: 00:17:33

Health: 0/49       AC:  5    Str: 15    XL:     9   Next: 40%
Magic:  0/12       EV: 11    Int: 11    God:    Uskayaw [*****.]
Gold:   265        SH:  0    Dex: 25    Spells: 8/8 levels left

rFire   . . .      SeeInvis .    A - +1 quick blade
rCold   . . .      Faith    +    (no shield)
rNeg    . . .      Spirit   +    E - +0 leather armour
rPois   .          Reflect  .    (no helmet)
rElec   .          Harm     .    c - +0 cloak
rCorr   .          Rampage  .    (no gloves)
Will    +....                    q - +0 pair of boots
Stlth   ++++                     B - amulet of faith {!P}
HPRegen 1.08/turn                Z - ring of wizardry
MPRegen 0.13/turn                D - +6 ring of dexterity

@: no status effects
A: fangs 3, regeneration 1, magic shield, antimagic bite, no potion heal 2
a: Renounce Religion, Stomp, Line Pass, Grand Finale


You were on level 7 of the Dungeon.
You worshipped Uskayaw.
Uskayaw was noncommittal.
You visited 2 branches of the dungeon, and saw 8 of its levels.

You collected 265 gold pieces.


Innate Abilities, Weirdness & Mutations

You have razor-sharp teeth.
Your natural rate of healing is unusually fast.
When hurt, damage is shared between your health and your magic reserves.
Your bite disrupts and absorbs the magic of your enemies.
Potions cannot restore your health.


   Skills:
 + Level 6.3 Fighting
 - Level 8.0 Short Blades
 - Level 1.7 Throwing
 - Level 0.7 Dodging
 - Level 8.0 Stealth
 - Level 3.0 Invocations


You had 8 spell levels left.
You didn't know any spells.
Your spell library contained the following spells:

 Spells                   Type           Power      Damage    Failure   Level
 Inner Flame              Hex/Fire       0%         N/A       45%         3
 Cause Fear               Hex            0%         N/A       83%         4
 Discord                  Hex            0%         N/A       100%        8

Inventory:

Hand Weapons
 a - a +2 dagger
 h - a +2 dagger of draining
 A - a +1 quick blade (weapon)
Missiles
 d - 20 poisoned darts (quivered)
 e - 3 curare-tipped darts {=f}
Armour
 b - a +0 robe
 c - a +0 cloak (worn)
 q - a +0 pair of boots (worn)
 E - a +0 leather armour (worn)
Jewellery
 B - an amulet of faith (around neck) {!P}
 D - a +6 ring of dexterity (right hand)
 Z - a ring of wizardry (left hand)
Wands
 j - a wand of digging (1)
 u - a wand of paralysis (5)
 x - a wand of roots (18)
 C - a wand of light (5)
Scrolls
 i - a scroll of summoning
 n - a scroll of immolation
 p - a scroll of noise
 s - 2 scrolls of magic mapping
 y - a scroll of enchant armour
 z - a scroll of poison
Potions
 f - 2 potions of brilliance {unknown}
 g - a potion of magic {unknown}
 l - 2 potions of degeneration {unknown}
 m - 4 potions of might {unknown}
 o - 2 potions of attraction {unknown}
 r - a potion of flight {unknown}
 t - 3 potions of ambrosia {unknown}
 w - a potion of haste {unknown}

Dungeon Overview and Level Annotations

Branches:
Dungeon (7/15)             Temple (1/1) D:4

Altars:
Ashenzari
Cheibriados
Dithmenos
Elyvilon
Fedhas
Makhleb
Nemelex Xobeh
Okawaru
Qazlal
Ru
Sif Muna
Trog
Uskayaw
Vehumet
Wu Jian
Xom
Yredelemnul

Shops:
D:5

( #. ... .# .. #.##.##.# .
#.##.... ###### #. #.##..# .
#....# #.##.##..# .. #....#
#........## /. #....###
##y..##†.# .z
#...<).########@y......## .#
#..>...).#......#.###z.y##..#..#
#....###...######.# #..........#
#....# #......###†# #....z.....#
###### ##....).##.# #...).......
#.##.).#..# #...$.......
#.####[)..###..........# ##.#
#))..##.........?## ### #..#
##)..##.#.....#....


You could see 2 killer bees and a wight.


Message History

Okay, then.
Blink to where?
Press: ? - help, Dir - move target
As you read the scroll of blinking, it crumbles to dust.
* * * LOW HITPOINT WARNING * * *
You feel very sick.
Unknown command.
Your system rejects the healing.
You feel better.
Aiming: Bolt of Light
Press: ? - help, Shift-Dir - straight line, f - killer bee
Aim: a killer bee (43% to hit)
The bolt of light hits the killer bee!
You kill the killer bee!
The bolt of light misses the killer bee.
Uskayaw will force your foes to share their pain.
There's nothing to close nearby.
Aiming: Bolt of Light
Press: ? - help, Shift-Dir - straight line, f - killer bee
Aim: a killer bee (lightly wounded, 43% to hit)
The bolt of light misses the killer bee. x2
You hit the killer bee. Your bite misses the killer bee.
The killer bee is moderately wounded.
You hit the killer bee.
The killer bee is heavily wounded.
The killer bee stings you!
* * * LOW HITPOINT WARNING * * *
You can now merge with and destroy a victim.
The killer bee attacks as you move away!
The killer bee stings you.
You die...

Skill      XL: |  1  2  3  4  5  6  7  8  9 |
---------------+----------------------------+-----
Short Blades   | 2 3 4 5 6 8 |  8.0
Stealth        | 5 6 7 8 |  8.0
Fighting       | 4 6 |  6.3
Invocations    | 2 3 |  3.0
Throwing       | |  1.7
Dodging        | |  0.7

Action                     |  1- 3 |  4- 6 |  7- 9 || total
---------------------------+-------+-------+-------++-------
  Melee: Dagger            |    48 |   133 |    81 ||   262
         Bite              |    10 |    29 |    62 ||   101
         Punch             |       |       |     3 ||     3
         Quick blade       |       |       |   139 ||   139
  Throw: Dart              |       |     3 |       ||     3
 Invoke: Line Pass         |       |       |     2 ||     2
  Evoke: Wand              |       |       |     2 ||     2
    Use: Scroll            |       |       |    11 ||    11
         Potion            |       |       |     1 ||     1
   Stab: Sleeping          |     8 |    11 |    23 ||    42
         Paralysed         |       |     1 |     7 ||     8
         Distracted        |       |       |     3 ||     3
 Armour: Robe              |    11 |    27 |    17 ||    55
         Leather armour    |       |       |     3 ||     3
  Dodge: Dodged            |    31 |    63 |    53 ||   147

Levels and vault maps discovered:
D:1:      lightli_arrival_windingriver, layout_loops_corners,
          hangedman_glass_teeth
D:2:      layout_basic, serial_glass, glass_columns_c, glass_columns_a,
          glass_columns_a, glass_columns_a, glass_columns_a, glass_columns_b,
          glass_columns_b, glass_columns_b, glass_columns_a, glass_columns_b,
          glass_columns_b, glass_columns_b, glass_columns_a, glass_columns_c,
          uniq_terence
D:3:      layout_loops_ring, nemelex_spade_bored_becter
D:4:      layout_cave_pools, minmay_temple_entry_glass, uniq_natasha
D:5:      layout_loops_ring, mainiacjoe_overflow_surrounded_room, serial_shops,
          shop
D:6:      layout_basic, mainiacjoe_overflow_alcove_1, fedhas_altar_3,
          mainiacjoe_overflow_concentric_impassable
D:7:      layout_rooms, gammafunk_temple_overflow_forgotten
Temple:   nicolae_temple_x_marks_the_god

Notes
Turn   | Place    | Note
-------+----------+-------------------------------------------
     0 | D:1      | Jackthecabe the Vine Stalker Brigand began the quest for
                  | the Orb.
     0 | D:1      | Reached XP level 1. HP: 11/11 MP: 2/2
   148 | D:1      | Reached skill level 2 in Short Blades
   368 | D:1      | Reached XP level 2. HP: 14/15 MP: 1/3
   372 | D:1      | Reached skill level 5 in Stealth
  1059 | D:2      | Reached XP level 3. HP: 18/18 MP: 4/4
  1212 | D:2      | Noticed Terence
  1264 | D:2      | Killed Terence
  1265 | D:2      | Reached skill level 3 in Short Blades
  1265 | D:2      | Gained mutation: Your natural rate of healing is unusually
                  | fast. [Vine Stalker growth]
  1265 | D:2      | Reached XP level 4. HP: 23/23 MP: 5/5
  1702 | D:3      | Reached XP level 5. HP: 25/26 MP: 6/6
  1724 | D:3      | Reached skill level 4 in Short Blades
  1776 | D:3      | Found a sparkling altar of Nemelex Xobeh.
  2027 | D:3      | Reached skill level 6 in Stealth
  2444 | D:4      | Reached XP level 6. HP: 23/30 MP: 5/7
  2491 | D:4      | Found a staircase to the Ecumenical Temple.
  2501 | Temple   | Entered the Ecumenical Temple
  2557 | Temple   | Became a worshipper of Uskayaw the Reveller
  2580 | D:4      | Noticed a black bear
  2585 | D:4      | Reached * piety under Uskayaw
  2586 | D:4      | Reached ** piety under Uskayaw
  2591 | D:4      | Killed a black bear
  2591 | D:4      | Reached *** piety under Uskayaw
  2592 | D:4      | Reached skill level 5 in Short Blades
  2848 | D:4      | Noticed Natasha
  2861 | D:4      | Killed Natasha
  2862 | D:4      | Reached skill level 7 in Stealth
  2888 | D:4      | Noticed Natasha
  2902 | D:4      | Killed Natasha
  2955 | D:4      | Noticed Natasha
  2979 | D:4      | Killed Natasha
  2980 | D:4      | Reached XP level 7. HP: 20/34 MP: 4/8
  3166 | D:5      | Entered Level 5 of the Dungeon
  3278 | D:5      | Reached skill level 6 in Short Blades
  3282 | D:5      | Found a bloodstained altar of Trog.
  3359 | D:5      | Reached skill level 8 in Stealth
  3368 | D:5      | Found Osaplotoh's Antique Weapon Boutique.
  3405 | D:5      | Gained mutation: You have razor-sharp teeth. [Vine Stalker
                  | growth]
  3405 | D:5      | Reached XP level 8. HP: 38/38 MP: 9/9
  3423 | D:5      | Reached **** piety under Uskayaw
  3424 | D:5      | Reached skill level 7 in Short Blades
  4150 | D:6      | Reached skill level 8 in Short Blades
  4164 | D:6      | Found a radiant altar of Vehumet.
  4188 | D:6      | Reached skill level 2 in Fighting
  4301 | D:6      | Reached skill level 3 in Fighting
  4482 | D:6      | Reached skill level 4 in Fighting
  4612 | D:6      | Reached skill level 1 in Invocations
  4645 | D:6      | Found a snail-covered altar of Cheibriados.
  4908 | D:6      | Found a blossoming altar of Fedhas.
  5380 | D:7      | Reached skill level 2 in Invocations
  5380 | D:7      | Reached XP level 9. HP: 46/46 MP: 11/11
  5396 | D:7      | Reached skill level 5 in Fighting
  5396 | D:7      | Reached skill level 3 in Invocations
  5398 | D:7      | Reached ***** piety under Uskayaw
  5716 | D:7      | Reached skill level 6 in Fighting
  5726 | D:7      | HP: 4/48 [poisoned by a killer bee]
  5731 | D:7      | HP: 1/49 [killer bee (7)]
  5732 | D:7      | Slain by a killer bee

Vanquished Creatures
  2 water moccasins
  A sky beast (D:7)
  An orc warrior (D:7)
  2 black bears
  An ice beast (D:5)
  A phantom (D:5)
  A kobold brigand (D:7)
  A bullfrog (D:6)
  2 necrophages (D:5)
  4 scorpions
  4 wights
  A killer bee (D:7)
  2 howler monkeys
  3 jellies
  An orc priest (D:5)
  3 hounds
  A gnoll bouda (D:7)
  4 iguanas
  Terence (D:2)
  Natasha (thrice) (D:4)
  An orc wizard (D:5)
  4 gnolls (D:7)
  10 adders
  2 shadow imps (D:5)
  An ufetubus (D:5)
  A worm (D:3)
  4 dart slugs
  22 orcs
  6 bats
  2 endoplasms (D:2)
  2 giant cockroaches (D:1)
  4 goblins
  6 hobgoblins
  5 jackals
  2 quokkas
  6 ball pythons
  5 frilled lizards
  8 kobolds
  4 rats
134 creatures vanquished.

Table legend: (Time is in decaauts)
 A = Elapsed time spent in this place.
 B = Non-inter-level travel time spent in this place.
 C = Inter-level travel time spent in this place.
 D = Time resting spent in this place.
 E = Time spent auto-exploring this place.
 F = Levels seen in this place.
 G = Mean time per level.
                   A        B        C        D        E       F      G
               +--------+--------+--------+--------+--------+-----+--------+
         Total |   5574 |   5043 |    531 |    161 |   3719 |   8 |  696.8 |
       Dungeon |   5507 |   4986 |    521 |    161 |   3673 |   7 |  786.7 |
        Temple |     66 |     56 |     10 |      0 |     46 |   1 |   66.0 |
               +--------+--------+--------+--------+--------+-----+--------+

Top non-repeatable levels by time:
     D:6: 1506 daAuts
     D:1: 991 daAuts
     D:4: 782 daAuts
     D:5: 779 daAuts
     D:3: 714 daAuts
     D:2: 578 daAuts
     D:7: 155 daAuts
  Temple: 66 daAuts

Table legend:
 A = Non-vault XP
 B = Vault XP
 C = Vault XP percentage of total XP
 D = Non-vault monster count
 E = Vault monster count
 F = Vault count percentage of total count
                 A         B        C        D         E       F
            +---------+---------+-------+---------+---------+-------
      Total |    3211 |      71 |   2.2 |     132 |       2 |   1.5
            +---------+---------+-------+---------+---------+-------
        D:1 |      32 |       0 |   0.0 |      17 |       0 |   0.0
        D:2 |      58 |      36 |  38.3 |      19 |       1 |   5.0
        D:3 |      70 |       0 |   0.0 |      16 |       0 |   0.0
        D:4 |     419 |      35 |   7.7 |      19 |       1 |   5.0
        D:5 |     918 |       0 |   0.0 |      23 |       0 |   0.0
        D:6 |     820 |       0 |   0.0 |      19 |       0 |   0.0
        D:7 |     894 |       0 |   0.0 |      19 |       0 |   0.0
            +---------+---------+-------+---------+---------+-------
